 Dungeon Crawl Stone Soup version 0.21.1-1-g345015fe64 (webtiles) character file.

97 Roikka the Quickloader (level 4, -5/34 HPs)
             Began as a Gnoll Wanderer on July 16, 2018.
             Slain by Edmund
             ... wielding a +2 flail of venom
              (6 damage)
             ... on level 4 of the Dungeon.
             The game lasted 00:10:47 (2276 turns).

Roikka the Quickloader (Gnoll Wanderer)             Turns: 2276, Time: 00:10:48

Health: -5/34      AC: 11    Str: 15    XL:     4   Next: 68%
Magic:  11/11      EV: 11    Int: 14    God:
Gold:   110        SH:  0    Dex: 15    Spells: 12/13 levels left

rFire    . . .     SeeInvis .   n - +2 mace (protect)
rCold    . . .     Gourm    .   (no shield)
rNeg     . . .     Faith    .   l - +0 leather armour
rPois    .         Spirit   .   j - +0 helmet (curse)
rElec    .         Reflect  .   (no cloak)
rCorr    .         Harm     .   (no gloves)
MR       .....                  (no boots)
Stlth    ++........             (no amulet)
HPRegen  0.11/turn              (no ring)
MPRegen  0.12/turn              (no ring)

@: lethally poisoned (-5 -> -38), protection aura
A: distributed training, fangs 1, strong nose
a: no special abilities


You were on level 4 of the Dungeon.
You were not hungry.

You visited 1 branch of the dungeon, and saw 4 of its levels.

You collected 110 gold pieces.

Inventory:

Hand Weapons
 n - a +2 mace of protection (weapon)
Armour
 b - a +0 robe
 j - a cursed +0 helmet (worn)
 l - a +0 leather armour (worn)
 m - a +0 helmet
 q - a +0 ring mail
Wands
 w - a wand of digging (9)
Scrolls
 k - 3 scrolls of teleportation
 r - a scroll of random uselessness {unknown}
 s - 3 scrolls of remove curse {unknown}
 u - a scroll of fog {unknown}
 x - a scroll of identify
Potions
 g - 2 potions of invisibility
 i - a potion of haste {unknown}
 p - a potion of agility {unknown}
 t - a potion of ambrosia {unknown}
 v - a potion of flight {unknown}
Books
 a - a book of Minor Magic

   Spells                             Type                      Level
   a - Magic Dart                     Conjuration                  1
   b - Blink                          Translocation                2
   c - Call Imp                       Summoning                    2
   d - Slow                           Hexes                        2
   e - Conjure Flame                  Conjuration/Fire             3
   f - Mephitic Cloud                 Conjuration/Poison/Air       3
Comestibles
 d - 8 rations


   Skills:
 + Level 2.8 Fighting
 + Level 1.2 Short Blades
 + Level 1.2 Long Blades
 + Level 1.2 Axes
 + Level 1.2 Maces & Flails
 + Level 1.2 Polearms
 + Level 1.2 Staves
 + Level 1.2 Slings
 + Level 1.2 Bows
 + Level 8.6 Crossbows
 + Level 1.2 Throwing
 + Level 1.2 Armour
 + Level 1.2 Dodging
 + Level 2.6 Stealth
 + Level 2.8 Shields
 + Level 1.2 Unarmed Combat
 + Level 5.1 Spellcasting
 + Level 1.0 Conjurations
 + Level 1.0 Hexes
 + Level 2.2 Charms
 + Level 1.0 Summonings
 + Level 1.0 Necromancy
 + Level 1.0 Translocations
 + Level 1.0 Transmutations
 + Level 1.0 Fire Magic
 + Level 1.0 Ice Magic
 + Level 1.0 Air Magic
 + Level 1.0 Earth Magic
 + Level 1.0 Poison Magic
 + Level 1.3 Invocations
 + Level 1.2 Evocations


You had 12 spell levels left.
You knew the following spells:

 Your Spells              Type           Power        Failure   Level  Hunger
a - Magic Dart            Conj           #...         14%         1    None


Dungeon Overview and Level Annotations

Branches:
Dungeon (4/15)
 Temple: D:4-7

Altars:

Annotations:
D:2 Sigmund, Terence
D:3 Grinder
D:4 Edmund


Innate Abilities, Weirdness & Mutations

Your experience applies equally to all skills.
You have very sharp teeth.
Your uncanny sense of smell can sniff out nearby items.


Message History

Edmund hits you but does no damage.
You barely miss Edmund.
Edmund is heavily wounded.
* * * LOW HITPOINT WARNING * * *
You feel very sick. Edmund hits you but does no damage.
You thump Edmund!
Edmund is severely wounded.
* * * LOW HITPOINT WARNING * * *
You feel very sick. Edmund hits you but does no damage.
You hit Edmund.
Edmund is almost dead.
You feel less wooden.
Your cursed +0 helmet unmelds from your body.
Your +0 leather armour unmelds from your body.
* * * LOW HITPOINT WARNING * * *
You feel very sick. Edmund hits you with a flail of venom.
You die...

∆ #########
####
#...@@..# ...
.....#####.#
##.## .##
#.###...##.#.
#.......?$...
∆
#.###...##.#.
#.# ##.## ..#
.# ∆ #### .#


o@ You could see Edmund.

Vanquished Creatures
  Jessica (D:3)
  2 adders (D:2)
  A worm (D:3)
  6 orcs
  7 bats
  2 giant cockroaches (D:2)
  7 goblins
  3 hobgoblins
  3 quokkas
  5 frilled lizards
  2 kobolds (D:2)
  5 rats
44 creatures vanquished.

Notes
Turn   | Place    | Note
-------+----------+-------------------------------------------
     0 | D:1      | Roikka the Gnoll Wanderer began the quest for the Orb.
     0 | D:1      | Roikka set off with: a book of Minor Magic, a +0 robe, a +0 dagger, a ration
     0 | D:1      | Reached XP level 1. HP: 17/17 MP: 6/6
     2 | D:1      | Learned a level 1 spell: Magic Dart
   483 | D:1      | Reached XP level 2. HP: 23/23 MP: 7/7
  1045 | D:2      | Reached XP level 3. HP: 28/28 MP: 2/9
  1074 | D:2      | Reached skill level 5 in Spellcasting
  1413 | D:2      | Reached skill level 1 in Invocations
  1603 | D:2      | Noticed Terence
  1663 | D:2      | Noticed Sigmund
  1833 | D:3      | Noticed Jessica
  1843 | D:3      | Killed Jessica
  1843 | D:3      | Reached skill level 1 in Short Blades
  1843 | D:3      | Reached skill level 1 in Long Blades
  1843 | D:3      | Reached skill level 1 in Axes
  1843 | D:3      | Reached skill level 1 in Maces & Flails
  1843 | D:3      | Reached skill level 1 in Polearms
  1843 | D:3      | Reached skill level 1 in Staves
  1843 | D:3      | Reached skill level 1 in Slings
  1843 | D:3      | Reached skill level 1 in Bows
  1843 | D:3      | Reached skill level 1 in Throwing
  1843 | D:3      | Reached skill level 1 in Armour
  1843 | D:3      | Reached skill level 1 in Dodging
  1843 | D:3      | Reached skill level 1 in Unarmed Combat
  1843 | D:3      | Reached skill level 1 in Evocations
  1843 | D:3      | Reached XP level 4. HP: 34/34 MP: 8/11
  2133 | D:3      | Reached skill level 1 in Conjurations
  2133 | D:3      | Reached skill level 1 in Hexes
  2133 | D:3      | Reached skill level 1 in Summonings
  2133 | D:3      | Reached skill level 1 in Necromancy
  2133 | D:3      | Reached skill level 1 in Translocations
  2133 | D:3      | Reached skill level 1 in Transmutations
  2133 | D:3      | Reached skill level 1 in Fire Magic
  2133 | D:3      | Reached skill level 1 in Ice Magic
  2133 | D:3      | Reached skill level 1 in Air Magic
  2133 | D:3      | Reached skill level 1 in Earth Magic
  2133 | D:3      | Reached skill level 1 in Poison Magic
  2216 | D:3      | Noticed Grinder
  2233 | D:4      | Noticed Edmund
  2276 | D:4      | HP: 1/34 [poisoned by Edmund]
  2276 | D:4      | Slain by Edmund

Skill      XL: |  1  2  3  4 |
---------------+-------------+-----
Charms         | 2 |  2.2
Spellcasting   | 5 |  5.1
Invocations    | 1 |  1.3
Short Blades   | 1 |  1.2
Long Blades    | 1 |  1.2
Axes           | 1 |  1.2
Maces & Flails | 1 |  1.2
Polearms       | 1 |  1.2
Staves         | 1 |  1.2
Slings         | 1 |  1.2
Bows           | 1 |  1.2
Throwing       | 1 |  1.2
Armour         | 1 |  1.2
Dodging        | 1 |  1.2
Unarmed Combat | 1 |  1.2
Evocations     | 1 |  1.2
Conjurations   | 1 |  1.0
Hexes          | 1 |  1.0
Summonings     | 1 |  1.0
Necromancy     | 1 |  1.0
Translocations | 1 |  1.0
Transmutations | 1 |  1.0
Fire Magic     | 1 |  1.0
Ice Magic      | 1 |  1.0
Air Magic      | 1 |  1.0
Earth Magic    | 1 |  1.0
Poison Magic   | 1 |  1.0
Fighting       | |  2.8
Crossbows      | |  8.6
Stealth        | |  2.6
Shields        | |  2.8

Action                   |  1- 3 |  4- 6 || total
-------------------------+-------+-------++-------
Melee: Dagger            |     6 |       ||     6
       Mace              |    49 |    41 ||    90
       Bite              |     5 |     6 ||    11
 Cast: Magic Dart        |    38 |    30 ||    68
  Use: Scroll            |     3 |       ||     3
       Potion            |       |     4 ||     4
 Stab: Sleeping          |     3 |       ||     3
  Eat: Chunk             |     3 |     1 ||     4
Armor: Leather armour    |    11 |     4 ||    15
       Robe              |    17 |       ||    17
       Skin              |       |    13 ||    13
Dodge: Dodged            |    37 |    17 ||    54
